cohdb
Replays
Latest Replays
All Replays
Popular Replays
Top Player Replays
Match Explorer
How It Works
Community
CoH3 Stats
Reddit
Sign in to upload your games and track your stats! →
Sign in with Steam
Match 21558973
Unlisted
Match 21558973
Overview
Messages
Build Orders
End
Royal Engineer Section
Construct Section Command Post
Infantry Section
Infantry Section
Infantry Section
Construct Platoon Command Post
Humber Armored Car
Infantry Training
6-pounder Anti-tank Gun Team
Selects Indian Artillery Battlegroup
Selects Indian Artillery Battlegroup
Selects Valour
Selects Gurkha Rifles Section
Gurkha Rifles Section
Construct Field Infirmary
Construct Company Command Post
ML 3-inch Mortar Team
Grenade Package
Unlock M3 Grant Medium Tanks
Selects Volunteer Infantry
Selects Towed ML 4.2-inch Heavy Mortar
M3 Grant Medium Tank
Selects Off-map Airburst Barrage
TidaL
0rozco
0
0
Comments
sign in to comment!
No comments posted yet!